 Dungeon Crawl Stone Soup version 0.28.0 (webtiles) character file.

Game seed: 11485227225560889109

1309 stormannn the Thaumaturge (level 8, 0/50 HPs)
             Began as a Djinni Fire Elementalist on Feb 6, 2022.
             Was a Believer of Makhleb.
             Slain by a gnoll sergeant (8 damage)
             ... on level 5 of the Dungeon.
             The game lasted 00:11:44 (8210 turns).

stormannn the Thaumaturge (DjFE)                    Turns: 8210, Time: 00:11:44

Health: 0/50       AC:  4    Str:  7    XL:     8   Next: 88%
Gold:   233        EV: 12    Int: 18    God:    Makhleb [**....] SH:  0 Dex: 15

rFire   + + .      SeeInvis .   r - +2 flail (vorpal)
rCold   x . .      Faith    .   (no shield)
rNeg    . . .      Spirit   .   t - +0 robe {Will+}
rPois   ∞          Reflect  .   q - +0 helmet
rElec   .          Harm     .   l - scarf {repulsion}
rCorr   .          Rampage  .   p - +0 pair of gloves
Will    +....                   (boots unavailable)
Stlth   ++........              (no amulet)
HPRegen 0.16/turn               (no ring)
MPRegen 0.00/turn               (no ring)

@: flying, hasted, repel missiles, very quick
A: sickness immunity, fire resistance 2, cold vulnerability 1, float, innate
caster, HP casting, extra vitality 1
a: Renounce Religion, Minor Destruction


You were on level 5 of the Dungeon.
You worshipped Makhleb.
Makhleb was pleased with you.
You visited 1 branch of the dungeon, and saw 5 of its levels.

You collected 233 gold pieces.

Inventory:

Hand Weapons
 r - a +2 vorpal flail (weapon)
Missiles
 c - 6 silver javelins
 y - 2 throwing nets
Armour
 l - a scarf of repulsion (worn)
 p - a +0 pair of gloves (worn)
 q - a +0 helmet (worn)
 t - a +0 robe of willpower (worn)
Jewellery
 A - a +6 ring of strength
Wands
 z - a wand of flame (4)
Scrolls
 e - 7 scrolls of identify {unknown}
 f - a scroll of brand weapon {unknown}
 g - 3 scrolls of immolation {unknown}
 h - 2 scrolls of vulnerability {unknown}
 m - a scroll of torment {unknown}
 o - a scroll of blinking {unknown}
 v - a scroll of enchant armour {unknown}
 x - a scroll of silence {unknown}
 B - a scroll of teleportation {unknown}
Potions
 a - a potion of heal wounds {unknown}
 b - a potion of haste
 d - 2 potions of flight
 i - a potion of magic {unknown}
 j - a potion of brilliance {unknown}
 k - 2 potions of attraction {unknown}
 n - 2 potions of lignification {unknown}
 s - a potion of curing {unknown}
 u - 2 potions of mutation {unknown}
 w - 2 potions of invisibility {unknown}


   Skills:
 - Level 2.1 Dodging
 - Level 1.5 Stealth
 * Level 8.2 Spellcasting


You had 4 spell levels left.
You knew the following spells:

 Your Spells              Type           Power      Damage    Failure   Level
a - Foxfire               Conj/Fire      100%       2x1d9     1%          1
b - Scorch                Fire           74%        2d9       1%          2
c - Conjure Flame         Conj/Fire      37%        6-21      1%          3
d - Inner Flame           Hex/Fire       37%        N/A       1%          3
e - Flame Wave            Conj/Fire      37%        2d9       3%          4
f - Beastly Appendage     Tmut           74%        N/A       1%          1
g - Poisonous Vapours     Pois/Air       74%        N/A       1%          2
h - Frozen Ramparts       Ice            74%        1d9       1%          3
Your spell library was empty.

Dungeon Overview and Level Annotations

Branches:
Dungeon (5/15)             Temple (0/1) D:4

Altars:
Makhleb

Shops:
D:1 !   D:2 [[   D:5 [

Annotations:
D:4 2 transporters, hikkokomori's ghost, amateur MiBe


Innate Abilities, Weirdness & Mutations

You are immune to sickness and miasma.
You are immune to poison.
Your flesh is very heat resistant. (rF++)
You are vulnerable to cold. (rC-)
You float through the air rather than walking.
You learn spells naturally, not from books.
Your magical power is your life essence.
You have superior vitality. (+4 MHP)


Message History

Unknown command.
Unknown command.
A gnoll sergeant is nearby!
Unknown command.
Casting: Foxfire (safe; 1% risk of failure)
Confirm with . or Enter, or press ? or * to list all spells.
You conjure some foxfire!
The gnoll sergeant hits you from afar with a +0 spear.
Casting: Foxfire (safe; 1% risk of failure)
Confirm with . or Enter, or press ? or * to list all spells.
You conjure some foxfire!
The foxfire hits the gnoll sergeant.
The gnoll sergeant is moderately wounded.
The gnoll sergeant hits you from afar with a +0 spear!
Casting: Foxfire (safe; 1% risk of failure)
Confirm with . or Enter, or press ? or * to list all spells.
You conjure some foxfire!
The gnoll sergeant hits you from afar with a +0 spear!
Casting: Foxfire (safe; 1% risk of failure)
Confirm with . or Enter, or press ? or * to list all spells.
You conjure some foxfire!
Your foxfire dissipates!
The foxfire hits the gnoll sergeant.
The gnoll sergeant is heavily wounded.
The foxfire hits the gnoll sergeant.
The gnoll sergeant is heavily wounded.
The foxfire hits the gnoll sergeant.
The gnoll sergeant is severely wounded.
The foxfire hits the gnoll sergeant but does no damage.
The gnoll sergeant is severely wounded.
The gnoll sergeant hits you from afar with a +0 spear!
The foxfire hits the gnoll sergeant but does no damage.
The gnoll sergeant is severely wounded.
The gnoll sergeant hits you from afar with a +0 spear!
* * * LOW HITPOINT WARNING * * *
It was a potion of haste.
You feel yourself speed up.
An iguana comes into view.
It was a potion of flight.
You feel more buoyant.
The gnoll sergeant hits you from afar with a +0 spear!
You die...

:....# ####
.....## #..
......# #..
......# #.#### #
......# #.'..# .#
......## ##.'g.#
..# #.>....##
#.g####...#
######..##
#...##.l..#
##..####...@.....#
#
##....†.........#
####
##..############
...### #..##
.....###..#
......##.##
...).....#
......#..#
......#.##


You could see a gnoll sergeant and an iguana (wandering).

Vanquished Creatures
  Eustachio (D:5)
  2 ogres
  A kobold brigand (D:4)
  2 gnoll sergeants (D:5)
  A scorpion (D:5)
  A water moccasin skeleton (D:4)
  3 hounds (D:5)
  A jelly (D:5)
  A gnoll shaman (D:5)
  3 iguanas
  Ijyb (D:5)
  2 orc wizards (D:5)
  22 gnolls (D:5)
  6 adders
  2 river rats (D:3)
  A shadow imp (D:5)
  2 ufetubi (D:5)
  8 worms
  5 orcs
  A ball python (D:4)
  5 endoplasms
  3 giant cockroaches
  5 hobgoblins
  8 jackals
  6 kobolds
  3 quokkas
  6 bats
  3 frilled lizards
  8 goblins
  9 rats
122 creatures vanquished.

Vanquished Creatures (others)
  817 foxfires
  A plant (D:2)
818 creatures vanquished.

Grand Total: 940 creatures vanquished

Notes
Turn   | Place    | Note
-------+----------+-------------------------------------------
     0 | D:1      | stormannn the Djinni Fire Elementalist began the quest for
                  | the Orb.
     0 | D:1      | Reached XP level 1. HP: 15/15 MP: 0/0
   375 | D:1      | Reached XP level 2. HP: 17/21 MP: 0/0
   640 | D:1      | Found Seto's Distillery.
  1243 | D:2      | Found Naast's Antique Armour Boutique.
  1244 | D:2      | Reached skill level 3 in Spellcasting
  1254 | D:2      | Reached XP level 3. HP: 21/25 MP: 0/0
  1254 | D:2      | Learned a level 1 spell: Beastly Appendage
  1645 | D:2      | Reached XP level 4. HP: 20/31 MP: 0/0
  1938 | D:2      | Found a faded altar of an unknown god.
  2605 | D:2      | Found Onkaesa's Antique Armour Shop.
  2893 | D:3      | Reached skill level 4 in Spellcasting
  3538 | D:3      | Reached XP level 5. HP: 30/35 MP: 0/0
  3538 | D:3      | Learned a level 2 spell: Poisonous Vapours
  4387 | D:3      | Found a burning altar of Makhleb.
  4785 | D:3      | Became a worshipper of Makhleb the Destroyer
  5135 | D:4      | Noticed an ogre
  5141 | D:4      | Killed an ogre
  5142 | D:4      | Reached skill level 5 in Spellcasting
  5142 | D:4      | Reached XP level 6. HP: 37/40 MP: 0/0
  5589 | D:4      | Found a staircase to the Ecumenical Temple.
  5608 | D:4      | Reached XP level 7. HP: 35/45 MP: 0/0
  5608 | D:4      | Learned a level 3 spell: Frozen Ramparts
  5808 | D:4      | Noticed hikkokomori's ghost (amateur MiBe)
  5809 | D:4      | Found a transporter.
  5809 | D:4      | Found a transporter.
  5811 | D:4      | Identified the +4 dire flail "Anuwn" {flame, Contam rN+
                  | rCorr Int+3}
  6059 | D:5      | Entered Level 5 of the Dungeon
  6132 | D:5      | Reached skill level 6 in Spellcasting
  6192 | D:5      | Reached * piety under Makhleb
  6547 | D:5      | Reached XP level 8. HP: 30/50 MP: 0/0
  6560 | D:5      | Reached skill level 7 in Spellcasting
  7648 | D:5      | Reached ** piety under Makhleb
  7767 | D:5      | Found Usoexan's Armour Shoppe.
  7800 | D:5      | Noticed Ijyb
  7806 | D:5      | Killed Ijyb
  8074 | D:5      | Noticed Eustachio
  8080 | D:5      | Killed Eustachio
  8081 | D:5      | Reached skill level 8 in Spellcasting
  8210 | D:5      | Slain by a gnoll sergeant

Illustrated notes

Levels and vault maps discovered:
D:1:      minmay_arrival_nine_rooms, layout_basic, serial_shops,
          nicolae_shop_behind_doors
D:2:      layout_basic, hellmonk_ecumenical_altar_lost_god, serial_shops, shop,
          nicolae_shop_overgrown_old_shop
D:3:      layout_basic, lightli_temple_of_fire, portal_sewer_entry_e,
          grunt_decor_clamped
D:4:      layout_basic, minmay_temple_entry_trees, gammafunk_ghost_smash
D:5:      layout_cave_pods, serial_gnoll_camp, gnoll_camp_huts_moat,
          gnoll_camp_mini_hut, gnoll_camp_mini_loothouse, gnoll_camp_mini_shop,
          gnoll_camp_mini_doghouse, uniq_eustachio, uniq_ijyb

Skill      XL: |  1  2  3  4  5  6  7  8 |
---------------+-------------------------+-----
Spellcasting   | 3 4 5 6 8 |  8.2
Dodging        | |  2.1
Stealth        | |  1.5

Action                   |  1- 3 |  4- 6 |  7- 9 || total
-------------------------+-------+-------+-------++-------
Melee: Unarmed           |       |     3 |       ||     3
 Cast: Foxfire           |    52 |   202 |   240 ||   494
       Poisonous Vapours |       |       |     2 ||     2
  Use: Potion            |       |       |     2 ||     2
Armor: Robe              |     4 |     8 |     4 ||    16
Dodge: Dodged            |     8 |    26 |    21 ||    55
